 Dungeon Crawl Stone Soup version 0.30.1-6-gbe392663c4 (webtiles) character file.

Game seed: 12880213036290595348

18 Almogavar the Protected (level 2, -4/20 HPs)
             Began as a Gnoll Wanderer on Sept 21, 2023.
             Killed from afar by Sigmund (7 damage)
             ... with a puff of flame
             ... on level 2 of the Dungeon.
             The game lasted 00:02:20 (817 turns).

Almogavar the Protected (Gnoll Wanderer)             Turns: 817, Time: 00:02:21

Health: -4/20      AC:  8    Str: 14    XL:     2   Next: 66%
Magic:  5/5        EV: 10    Int: 11    God:
Gold:   58         SH:  0    Dex:  8    Spells: 6/6 levels left

rFire   . . .        a - +2 hand axe
rCold   . . .        (no shield)
rNeg    . . .        c - +0 ring mail
rPois   +            (no helmet)
rElec   .            (no cloak)
rCorr   .            (no gloves)
SInv    .            f - +0 pair of boots
Will    .....        (no amulet) Stlth
                     q - ring of poison resistance
HPRegen 0.23/turn    (no ring)
MPRegen 0.09/turn

%: no passive effects
@: no status effects
A: fangs 1, strong nose, distributed training
a: no special abilities


You were on level 2 of the Dungeon.
You visited 1 branch of the dungeon, and saw 2 of its levels.

You collected 58 gold pieces.

Inventory:

Hand Weapons
 a - a +2 hand axe (weapon)
 b - a +0 spear
 t - a +1 sling of electrocution
Missiles
 k - 8 poisoned darts (quivered)
 m - 5 javelins
Armour
 c - a +0 ring mail (worn)
 f - a +0 pair of boots (worn)
Magical Staves
 g - a staff of cold
Jewellery
 h - a ring of ice
 i - a ring of magical power
 q - a ring of poison resistance (left hand)
Scrolls
 d - 2 scrolls of fear
 e - a scroll of fog
 s - a scroll of magic mapping {unknown}
Potions
 j - 3 potions of heal wounds
 l - a potion of invisibility
 n - 2 potions of might {unknown}
 o - 2 potions of mutation {unknown}
 p - 2 potions of curing {unknown}
 r - a potion of haste {unknown}


   Skills:
 + Level 0.5 Fighting
 + Level 0.5 Short Blades
 + Level 0.5 Long Blades
 + Level 6.5 Axes
 + Level 0.5 Maces & Flails
 + Level 4.5 Polearms
 + Level 0.5 Staves
 + Level 0.5 Ranged Weapons
 + Level 0.5 Throwing
 + Level 8.5 Armour
 + Level 0.5 Dodging
 + Level 0.5 Stealth
 + Level 0.5 Shields
 + Level 0.5 Unarmed Combat
 + Level 2.7 Spellcasting
 + Level 0.3 Conjurations
 + Level 0.3 Hexes
 + Level 0.3 Summonings
 + Level 0.3 Necromancy
 + Level 0.3 Translocations
 + Level 0.3 Transmutations
 + Level 0.3 Fire Magic
 + Level 0.3 Ice Magic
 + Level 0.3 Air Magic
 + Level 0.3 Earth Magic
 + Level 0.3 Poison Magic
 + Level 0.6 Invocations
 + Level 0.5 Evocations


You had 6 spell levels left.
You didn't know any spells.
Your spell library contained the following spells:

 Spells                   Type           Power      Damage    Failure   Level
 Volatile Blastmotes      Fire/Tloc      4%         2d10      77%         3
 Fulminant Prism          Conj/Hex       1%         3d5       99%         4
 Iskenderun's Mystic Bla  Conj/Tloc      2%         2d3       99%         4
 Lee's Rapid Deconstruct  Erth           1%         3d4*      100%        5


Dungeon Overview and Level Annotations

Branches:
Dungeon (2/15)

Altars:

Annotations:
D:2 Sigmund


Innate Abilities, Weirdness & Mutations

You have very sharp teeth.
Your uncanny sense of smell can sniff out nearby items.
Your experience applies equally to all skills.


Message History

The kobold shouts!
The rat bites you but does no damage.
You barely miss the rat. The rat closely misses you.
You closely miss the rat. The rat bites you but does no damage.
You slash the rat!
You kill the rat!
A bat comes into view.
Sigmund the Dreaded comes into view.
He is wielding a +0 scythe.
You see here a silvery potion.
You barely miss the kobold.
Sigmund shouts!
The kobold closely misses you.
You barely miss the kobold. The kobold hits you but does no damage.
You hit the bat.
You kill the bat!
You barely miss the kobold.
A hobgoblin comes into view.
The kobold completely misses you.
Sigmund drinks a potion.
Sigmund flickers and vanishes!
Deactivating autopickup; reactivate with Ctrl-A.
The hobgoblin shouts!
You hit the kobold.
You kill the kobold!
Something hits you.
You closely miss something. Something hits you.
You miss something. You hit the hobgoblin. The hobgoblin hits you.
You closely miss something. You hit the hobgoblin but do no damage.
Something hits you.
The hobgoblin hits you but does no damage.
You closely miss something. You closely miss the hobgoblin.
The hobgoblin barely misses you.
You hit something. You hit the hobgoblin but do no damage. Something hits you!
* * * LOW HITPOINT WARNING * * *
The hobgoblin hits you but does no damage.
You barely miss something. You hit the hobgoblin.
You kill the hobgoblin!
You hear some strange, mumbled words.
A puff of flame appears from out of thin air!
The puff of flame hits you!
You die...

##.#...###.###....
......##...# .... .#.#
###........# #.#.#...#
.......#...####.# ....
....##.#........##...
##...........#..#..#
#######....#.#....######
##........?......#
#####.#..@{####
#†.!).......# .
.................# ##
##########.......#
##......# ## ....... .##
#.....# ..## #....# ...#
...


There were no monsters in sight!

Vanquished Creatures
  An endoplasm (D:1)
  A giant cockroach (D:2)
  2 goblins (D:1)
  3 hobgoblins (D:2)
  4 kobolds
  3 ball pythons (D:2)
  2 bats
  2 rats (D:2)
18 creatures vanquished.

Notes
Turn   | Place    | Note
-------+----------+-------------------------------------------
     0 | D:1      | Almogavar the Gnoll Wanderer began the quest for the Orb.
     0 | D:1      | Almogavar set off with the following items: a +2 hand axe,
                  | a +0 spear, a +0 ring mail, a scroll of fear.
     0 | D:1      | Reached XP level 1. HP: 13/13 MP: 4/4
   198 | D:1      | Found a faded altar of an unknown god.
   305 | D:1      | You fall into a shaft and drop 1 floor!
   676 | D:2      | Reached XP level 2. HP: 19/19 MP: 5/5
   805 | D:2      | Noticed Sigmund
   817 | D:2      | Killed from afar by Sigmund

Illustrated notes

Levels and vault maps discovered:
D:1:      onia_arrival_mini_spirals, layout_basic,
          shapermc_ecumenical_altar_venn, minmay_tripent
D:2:      layout_rooms, chequers_avenue, uniq_sigmund, uniq_natasha

Action                     || total
---------------------------++-------
  Melee: Hand axe          ||    41
         Bite              ||     1
    Use: Scroll            ||     2
 Armour: Ring mail         ||    19
  Dodge: Dodged            ||    19
